 Dungeon Crawl Stone Soup version 0.31.0-10-gcf4a605ca0 (webtiles) character file.

Game seed: 5210291748410995940

6883 ssalbiz the Thaumaturge (level 10, -9/58 HPs)
             Began as a Deep Elf Conjurer on Jan 26, 2024.
             Was a Priest of Vehumet.
             Mangled by an orc warlord
             ... wielding a +4 battleaxe
              (38 damage)
             ... in a bailey.
             The game lasted 00:27:49 (11921 turns).

ssalbiz the Thaumaturge (Deep Elf Conjurer)        Turns: 11921, Time: 00:27:50

Health: -9/58      AC:  7    Str:  4    XL:     10   Next: 79%
Magic:  11/27      EV: 22    Int: 28    God:    Vehumet [***...]
Gold:   548        SH:  0    Dex: 19    Spells: 9/31 levels left

rFire   . . .        A - +0 rapier
rCold   . . .        (no shield)
rNeg    . . .        a - +0 robe
rPois   .            l - +2 helmet
rElec   .            y - +1 cloak
rCorr   .            (no gloves)
SInv    .            (no boots)
Will    +....        D - amulet of regeneration
Stlth   ++++         K - +5 ring of evasion
HPRegen 1.09/turn    u - +6 ring of dexterity
MPRegen 0.20/turn

%: no passive effects
@: very slightly contaminated
A: no striking features
a: Renounce Religion


You were in a bailey.
You worshipped Vehumet.
Vehumet was most pleased with you.
You visited 2 branches of the dungeon, and saw 11 of its levels.
You also visited: Sewer and Bailey.

You collected 548 gold pieces.

Inventory:

Hand Weapons
 A - a +0 rapier (weapon)
Armour
 a - a +0 robe (worn)
 l - a +2 helmet (worn)
 y - a +1 cloak (worn)
Jewellery
 h - a ring of willpower
 u - a +6 ring of dexterity (right hand)
 D - an amulet of regeneration (around neck)
 K - a +5 ring of evasion (left hand)
Wands
 i - a wand of acid (17)
 z - a wand of iceblast (18)
 E - a wand of flame (9)
 H - a wand of paralysis (10)
Scrolls
 c - 6 scrolls of fog {unknown}
 d - a scroll of brand weapon {unknown}
 f - a scroll of immolation {unknown}
 j - a scroll of amnesia {unknown}
 o - 3 scrolls of enchant armour {unknown}
 p - 8 scrolls of identify {unknown}
 q - 2 scrolls of revelation {unknown}
 s - 3 scrolls of teleportation {unknown}
 t - 4 scrolls of enchant weapon {unknown}
 v - 3 scrolls of summoning {unknown}
 x - 2 scrolls of noise {unknown}
 C - a scroll of poison {unknown}
 I - a scroll of blinking {unknown}
Potions
 b - a potion of magic
 e - 5 potions of curing {unknown}
 g - a potion of invisibility {unknown}
 k - 6 potions of mutation
 m - 3 potions of haste {unknown}
 n - a potion of heal wounds {unknown}
 r - 5 potions of enlightenment
 w - 2 potions of attraction {unknown}
 B - 3 potions of ambrosia {unknown}
 F - 2 potions of might {unknown}
 G - a potion of lignification {unknown}
 L - a potion of resistance {unknown}


   Skills:
 + Level 4.9 Fighting
 + Level 4.8 Armour
 + Level 7.6 Dodging
 - Level 8.0 Stealth
 - Level 11.0 Spellcasting
 - Level 10.0 Conjurations


You had 9 spell levels left.
You knew the following spells:

 Your Spells              Type           Power      Damage    Failure   Level
a - Magic Dart            Conj           100%       1d8       1%          1
b - Searing Ray           Conj           100%       2d8       1%          2
c - Fulminant Prism       Conj/Alch      21%        3d12      1%          4
d - Swiftness             Air            15%        N/A       11%         3
e - Iskenderun's Mystic   Conj/Tloc      43%        2d10      1%          4
f - Mephitic Cloud        Conj/Alch/Air  34%        N/A       1%          3
g - Freezing Cloud        Conj/Ice/Air   17%        6-21      7%          5

Your spell library contained the following spells:

 Spells                   Type           Power      Damage    Failure   Level
 Momentum Strike          Conj/Tloc      86%        3d10      1%          2
 Freeze                   Ice            60%        1d7       1%          1
 Mercury Vapours          Alch/Air       30%        N/A       1%          2
 Hailstorm                Conj/Ice       43%        3d9       1%          3
 Frozen Ramparts          Ice            30%        1d5       3%          3
 Ensorcelled Hibernation  Hex/Ice        30%        N/A       5%          2
 Jinxbite                 Hex            30%        N/A       5%          2
 Lesser Beckoning         Tloc           30%        N/A       5%          2
 Gell's Gravitas          Tloc           15%        N/A       11%         3
 Passwall                 Erth           15%        N/A       11%         3
 Teleport Other           Tloc           15%        N/A       11%         3
 Orb of Destruction       Conj           32%        9d10      13%         7
 Yara's Violent Unravell  Hex/Alch       7%         3d5       24%         5
 Summon Blazeheart Golem  Fire/Summ      15%        N/A       34%         4
 Spellforged Servitor     Conj/Summ      21%        N/A       65%         7
 Enfeeble                 Hex            7%         N/A       100%        7


Dungeon Overview and Level Annotations

Branches:
Dungeon (10/15)            Temple (1/1) D:6            Lair (0/5) D:8
  Sewer (visited)          Bailey (1/1)
    Orc: D:9-12

Altars:
Ashenzari
Cheibriados
Dithmenos
Elyvilon
Fedhas
Gozag
Hepliaklqana
Kikubaaqudgha
Makhleb
Nemelex Xobeh
Okawaru
Qazlal
Ru
Sif Muna
Trog
Uskayaw
Vehumet
Wu Jian
Xom
Yredelemnul
Zin
The Shining One

Shops:
D:5 !

Annotations:
D:5 1 runed translucent door, Crazy Yiuf
D:7 1 runed translucent door


Message History

Casting: Searing Ray (safe; 1% risk of failure)
Confirm with . or Enter, or press ? or * to list all spells.
Aiming: Freezing Cloud (dangerous; 7% risk of failure)
Press: ? - help, Dir - move target You miscast Freezing Cloud.
You are very lightly contaminated with residual magic.
Your hands feel numb with cold.
Unknown command.
Unknown command.
Casting: Freezing Cloud (dangerous; 7% risk of failure)
Confirm with . or Enter, or press ? or * to list all spells.
Aiming: Freezing Cloud (dangerous; 7% risk of failure)
Press: ? - help, Dir - move target You miscast Freezing Cloud.
Nothing appears to happen.
Unknown command.
Unknown command.
Casting: Freezing Cloud (dangerous; 7% risk of failure)
Confirm with . or Enter, or press ? or * to list all spells.
Aiming: Freezing Cloud (dangerous; 7% risk of failure)
Press: ? - help, Dir - move target The orc warlord is engulfed in freezing vapours.
Unknown command.
Unknown command.
The orc warlord is engulfed in freezing vapours.
The orc warlord is engulfed in freezing vapours.
The orc warlord hits you with a +4 battleaxe!!
Ouch! That really hurt!
Unknown command.
Casting: Freezing Cloud (dangerous; 7% risk of failure)
Confirm with . or Enter, or press ? or * to list all spells.
Aiming: Searing Ray (safe; 1% risk of failure)
Press: ? - help, Shift-Dir - straight line, f - orc warlord
Aim: an orc warlord, wielding a +4 battleaxe and wearing a +0 chain mail (freezing vapour, moderately wounded, 87% to hit)
The searing ray hits the orc warlord but does no damage.
The orc warlord is moderately wounded. (Press . to maintain the ray.)
The orc warlord is engulfed in freezing vapours.
The orc warlord hits you with a +4 battleaxe!!!
Ouch! That really hurt!
You die...

#......)....#
##.........### ♣♣♣♣♣♣
###.....#'#.### ♣..♣.♣
###.###)....###♣♣♣....♣♣
###.........##.......♣
#.........).#.).....♣
#........)..'.))))).♣♣
#.....§§§...'..∩.))).♣
#.....§§o@..'.)....).♣
#.....§§☼§..#........♣
###.........##.......♣♣
###.###.....###♣.♣....♣♣
###.....#'#.### ♣♣♣♣...♣
##.........### ♣♣♣♣♣
#..)o.......#
#...........#
.#.....⌠.....#


You could see an orc warlord.

Vanquished Creatures
  A deep elf pyromancer (D:9)
  2 wraiths (D:9)
  A shadow (D:8)
  A yak (D:8)
  A vampire (D:8)
  Eustachio (D:6)
  An acid dragon (D:9)
  2 water moccasins
  9 orc warriors (Bailey)
  An ice beast (D:7)
  4 black bears
  3 sky beasts (D:7)
  2 ogres
  A phantom (D:5)
  3 centaurs
  2 gnoll sergeants
  A brain worm (Sewer)
  3 bullfrogs
  A scorpion (D:4)
  17 wights
  10 electric eels (D:8)
  4 howler monkeys
  5 bombardier beetles
  A gnoll bouda (D:8)
  4 orc priests
  3 hounds (D:6)
  A jelly (D:4)
  Ijyb (D:5)
  5 iguanas
  2 sleepcaps
  7 orc wizards
  27 gnolls
  9 adders
  A river rat (Sewer)
  A white imp (D:6)
  2 ribbon worms
  6 dart slugs
  36 orcs
  5 endoplasms
  10 giant cockroaches
  11 goblins
  16 hobgoblins
  5 jackals (Sewer)
  6 quokkas
  13 ball pythons
  4 bats (Sewer)
  5 frilled lizards
  7 kobolds
  11 rats
275 creatures vanquished.

Vanquished Creatures (others)
  35 fulminant prisms
35 creatures vanquished.

Grand Total: 310 creatures vanquished

Notes
Turn   | Place    | Note
-------+----------+-------------------------------------------
     0 | D:1      | ssalbiz the Deep Elf Conjurer began the quest for the Orb.
     0 | D:1      | Reached XP level 1. HP: 10/10 MP: 6/6
   217 | D:1      | Reached XP level 2. HP: 15/15 MP: 5/8
   552 | D:1      | Found a faded altar of an unknown god.
   611 | D:1      | Reached skill level 4 in Spellcasting
   696 | D:1      | Reached XP level 3. HP: 19/19 MP: 7/10
   731 | D:1      | Reached skill level 5 in Conjurations
  1061 | D:2      | Learned a level 2 spell: Searing Ray
  1737 | D:3      | Found a glowing drain.
  1757 | D:3      | Reached XP level 4. HP: 21/24 MP: 8/12
  1786 | Sewer    | Entered a sewer
  2057 | Sewer    | Reached skill level 5 in Spellcasting
  2137 | Sewer    | Noticed a brain worm
  2141 | Sewer    | Killed a brain worm
  2142 | Sewer    | Reached XP level 5. HP: 28/28 MP: 9/15
  2799 | D:3      | Found a snail-covered altar of Cheibriados.
  2840 | D:3      | Reached skill level 6 in Spellcasting
  3138 | D:3      | Reached XP level 6. HP: 32/32 MP: 15/17
  3821 | D:4      | Reached skill level 7 in Spellcasting
  4250 | D:4      | Reached XP level 7. HP: 36/36 MP: 7/20
  4443 | D:4      | Reached skill level 8 in Spellcasting
  4656 | D:4      | Found a shimmering altar of Xom.
  4849 | D:5      | Entered Level 5 of the Dungeon
  4984 | D:5      | Noticed Ijyb
  4993 | D:5      | Killed Ijyb
  5288 | D:5      | Reached skill level 9 in Spellcasting
  5439 | D:5      | Reached XP level 8. HP: 41/41 MP: 19/23
  5529 | D:5      | Found a runed translucent door.
  5530 | D:5      | Noticed Crazy Yiuf
  5619 | D:5      | Found Uwuetz's Distillery.
  6038 | D:6      | Noticed Eustachio
  6050 | D:6      | Killed Eustachio
  6144 | D:6      | Found a staircase to the Ecumenical Temple.
  6242 | Temple   | Entered the Ecumenical Temple
  6255 | Temple   | Became a worshipper of Vehumet
  6354 | D:6      | Reached skill level 10 in Spellcasting
  6495 | D:6      | Learned a level 4 spell: Fulminant Prism
  6499 | D:6      | Learned a level 3 spell: Swiftness
  6504 | D:6      | Learned a level 4 spell: Iskenderun's Mystic Blast
  6757 | D:6      | Reached skill level 11 in Spellcasting
  6856 | D:6      | Reached skill level 10 in Conjurations
  7067 | D:6      | Found a glowing golden altar of the Shining One.
  7068 | D:6      | Found a bloodstained altar of Trog.
  7071 | D:6      | Found a hide-covered altar of Uskayaw.
  7071 | D:6      | Found a hazy altar of Hepliaklqana.
  7158 | D:7      | Reached XP level 9. HP: 46/46 MP: 20/26
  7289 | D:7      | Reached skill level 1 in Fighting
  7289 | D:7      | Reached skill level 1 in Armour
  7588 | D:7      | Reached * piety under Vehumet
  7588 | D:7      | Offered knowledge of Kiss of Death by Vehumet.
  8202 | D:7      | Found a runed translucent door.
  8202 | D:7      | Noticed a sixfirhy
  8379 | D:8      | Found a staircase to the Lair.
  8424 | D:8      | Reached skill level 5 in Stealth
  8487 | D:8      | Found an ancient bone altar of Kikubaaqudgha.
  8641 | D:8      | Reached skill level 5 in Dodging
  9092 | D:8      | Reached XP level 10. HP: 43/56 MP: 18/27
  9659 | D:8      | Offered knowledge of Foxfire by Vehumet.
  9662 | D:8      | Reached ** piety under Vehumet
  9871 | D:8      | Found a stormy altar of Qazlal.
 10683 | D:9      | Noticed a deep elf pyromancer
 10691 | D:9      | Learned a level 3 spell: Mephitic Cloud
 10696 | D:9      | Killed a deep elf pyromancer
 11076 | D:10     | Entered Level 10 of the Dungeon
 11165 | D:10     | Found a flagged portal.
 11177 | Bailey   | Entered a bailey
 11317 | Bailey   | Offered knowledge of Momentum Strike by Vehumet.
 11646 | Bailey   | Reached *** piety under Vehumet
 11860 | Bailey   | Noticed an orc warlord
 11907 | Bailey   | Learned a level 5 spell: Freezing Cloud
 11921 | Bailey   | Mangled by an orc warlord

Illustrated notes

Levels and vault maps discovered:
D:1:      eino_arrival_cavern_a, layout_basic, nicolae_ecumenical_snake_handling
D:2:      layout_rooms
D:3:      layout_rooms, kennysheep_slug_shrine, gup_sewer_entry_glass
D:4:      corexii_shack_village, layout_basic, kennysheep_mini_moat,
          hangedman_feature_mirror, serial_bayou_lagoon_b
D:5:      layout_cave_pools, serial_shops, nicolae_shop_industrial_runoff,
          uniq_crazy_yiuf_cottage, uniq_ijyb
D:6:      layout_loops_ring, mainiacjoe_overflow_alcove_3,
          minmay_temple_entry_mist, uniq_eustachio
D:7:      cheibrodos_shockbox, layout_basic
D:8:      layout_loops_corners, mainiacjoe_overflow_swirl, lair_entry_dummy,
          serial_bayou, serial_bayou_pond_c, serial_bayou_ford_a,
          serial_bayou_pond_b, serial_bayou_lake_a, serial_bayou_pond_a
D:9:      layout_cave_pools, minmay_holes, billiards_dpeg
D:10:     layout_basic, serial_shops, nicolae_shop_tiny_real_fake_doors, shop,
          nicolae_shop_hallway_plus, enter_bailey_2, hex_tiny
Temple:   nicolae_temple_superstar
Bailey:   bailey_axe_minmay_hex_keep, bailey

Skill      XL: |  1  2  3  4  5  6  7  8  9 10 |
---------------+-------------------------------+-----
Spellcasting   | 4 5 6 7 9 11 | 11.0
Conjurations   | 5 6 7 8 10 | 10.0
Dodging        | 5 7 |  7.6
Stealth        | 6 8 |  8.0
Fighting       | 3 4 |  4.9
Armour         | 3 4 |  4.8

Action                     |  1- 3 |  4- 6 |  7- 9 | 10-12 || total
---------------------------+-------+-------+-------+-------++-------
  Melee: Rapier            |       |       |     1 |       ||     1
   Cast: Magic Dart        |    63 |    83 |    88 |    81 ||   315
         Searing Ray       |     5 |    26 |    64 |    46 ||   141
         Fulminant Prism   |       |       |    16 |    19 ||    35
         Mephitic Cloud    |       |       |       |     3 ||     3
         Iskenderun's Myst |       |       |       |     2 ||     2
         Freezing Cloud    |       |       |       |     1 ||     1
 Armour: Robe              |     4 |    12 |    19 |    41 ||    76
  Dodge: Dodged            |     7 |    39 |    60 |    70 ||   176
